 Dungeon Crawl Stone Soup version 0.19-a0-1637-gfc13266 (webtiles) character file.

22332 Amciq the Grappler (level 12, -4/122 HPs)
             Began as a Troll Monk on Sept 19, 2016.
             Was a High Priest of Yredelemnul.
             Slain by a slime creature (5 damage)
             ... on level 1 of the Pits of Slime.
             The game lasted 00:51:25 (14154 turns).

Amciq the Grappler (Troll Monk)                    Turns: 14154, Time: 00:51:25

Health: -4/122     AC:  5    Str: 24    XL:     12   Next: 62%
Magic:  16/16      EV: 14    Int:  6    God:    Yredelemnul [*****.]
Gold:   1112       SH:  0    Dex: 14    Spells: 0 memorised, 11 levels left

rFire  . . .     SeeInvis .       - Unarmed
rCold  . . .     Gourm    +     K - +0 troll leather armour
rNeg   . . .     Faith    .     (no shield)
rPois  .         Spirit   .     (helmet restricted)
rElec  +         Dismiss  .     T - +0 cloak
rCorr  .         Reflect  +     (gloves unavailable)
MR     .....     Harm     .     (boots unavailable)
Stlth  ..........               B - +2 amulet of reflection
                                p - ring of ice
                                q - ring of fire

@: confused, corroded
A: unfitting armour, claws 3, fast metabolism 3, gourmand, regeneration 1,
shaggy fur 1, electricity resistance, tough skin 2
a: Recall Undead Slaves, Injury Mirror, Animate Dead, Drain Life, Enslave Soul,
Renounce Religion


You were on level 1 of the Pits of Slime.
You worshipped Yredelemnul.
Yredelemnul was extremely pleased with you.
You were not hungry.

You visited 4 branches of the dungeon, and saw 18 of its levels.

You collected 1112 gold pieces.

Inventory:

Armour
 d - a +2 robe of resistance
 K - a +0 troll leather armour (worn)
 T - a +0 cloak (worn)
Jewellery
 n - an uncursed ring of resist corrosion
 p - a ring of ice (right claw)
 q - a ring of fire (left claw)
 B - a +2 amulet of reflection (around neck)
 C - the ring of Fuullun {rCorr *Drain rPois Str+5, unknown}
   (You found it on level 4 of the Lair of Beasts)

   [ring of resist corrosion]

   It affects your strength (+5).
   It protects you from poison.
   It causes draining when unequipped.
 J - an uncursed ring of positive energy
Wands
 m - a wand of hasting (2/9)
 r - a wand of iceblast (10/15)
 u - a wand of flame (24/48)
 v - a wand of confusion (21/48)
 w - a wand of paralysis (19/24)
 D - a wand of digging (20/24)
 H - a wand of slowing (29/48)
 I - a wand of iceblast (3/15)
 M - a wand of iceblast (3/15)
 N - a wand of enslavement (9/24)
 P - a wand of confusion (36/48)
 Q - a wand of iceblast (3/15)
Scrolls
 a - 10 scrolls of remove curse
 g - a scroll of magic mapping
 i - 4 scrolls of enchant weapon
 l - 5 scrolls of identify
 s - a scroll of blinking
 y - 5 scrolls of teleportation
 E - 2 scrolls of brand weapon
 F - 2 scrolls of amnesia
 G - a scroll of fog
 R - a scroll of recharging
Potions
 c - a potion of might
 e - 2 potions of flight
 k - a potion of ambrosia
 o - 9 potions of curing
 t - a potion of agility
 x - a potion of haste
 z - 2 potions of lignification
 A - 4 potions of heal wounds
 L - a potion of brilliance
 O - 3 potions of mutation
 U - 2 potions of cancellation
Comestibles
 b - 10 bread rations
 f - 3 fruits
 h - 13 beef jerkies
 j - 9 meat rations


   Skills:
 + Level 8.5 Fighting
 + Level 8.3 Armour
 + Level 8.7 Dodging
 - Level 1.1 Stealth
 + Level 10.5 Unarmed Combat
 + Level 7.8 Invocations


You had 11 spell levels left.
You didn't know any spells.

Dungeon Overview and Level Annotations

Branches:
Dungeon (11/15)            Temple (1/1) D:4            Lair (5/6) D:11
 Shoals (0/4) Lair:3        Snake (0/4) Lair:2        Slime (1/5) Lair:5
    Orc: D:9-12

Altars:
Ashenzari
Cheibriados
Dithmenos
Elyvilon
Fedhas
Gozag
Hepliaklqana
Kikubaaqudgha
Makhleb
Nemelex Xobeh
Okawaru
Qazlal
Ru
Sif Muna
Trog
Uskayaw
Vehumet
Xom
Yredelemnul
Zin
The Shining One
Jiyva

Shops:
D:9 (


Innate Abilities, Weirdness & Mutations

You are too large for most types of armour.
You have claws for hands.
Your metabolism is lightning-fast.
You like to eat raw meat.
Your natural rate of healing is unusually fast.
You are covered in fur. (AC +1)
You have very tough skin. (AC +2)
You are resistant to electric shocks. (rElec)


Message History

The golden eye blinks!
The golden eye blinks at you.
The acid blob jiggles.
The acid blob hits you but does no damage.
The walls burn your phantasmal warrior!
Your phantasmal warrior blinks!
The golden eye blinks!
The slime creature closely misses you. The slime creature hits you.
Two slime creatures merge to form a large slime creature.
The very large slime creature hits you!!!
* * * LOW HITPOINT WARNING * * *
In your confused state, you trip and fall back down the stairs.
* * * LOW HITPOINT WARNING * * *
The acid blob hits you.
* * * LOW HITPOINT WARNING * * *
The acid corrodes you!
You are splashed with acid!
The acid burns!
* * * LOW HITPOINT WARNING * * *
The wall burns your phantasmal warrior! The slime creature hits you.
You die...
Your body rises from the dead as a mindless zombie.

## ##.# #...
##..### .
##..J.J##....
#..§G@G......
#...JGJ......
...#G#.JG.#....
. .. .§W.......
... .#....... .
.J .......J#...
. J. ....J#....
.....#........


You could see 2 acid blobs, a very large slime creature, a large slime creature,
5 slime creatures, 5 golden eyes and a friendly phantasmal warrior.

Vanquished Creatures
  A hydra (Lair:4)
  Pikel (D:8)
  The ghost of Reeven the Carver, a novice FoAK of Lugonu (D:9)
  A centaur zombie (D:10)
  Maurice (D:10)
  2 black mambas
  A gargoyle (D:10)
  A kobold demonologist (D:10)
  4 spiny frogs
  2 rime drakes
  A komodo dragon (Lair:4)
  A troll (D:8)
  Grinder (D:6)
  A two-headed ogre (D:9)
  2 polar bears (Lair:2)
  4 hippogriffs
  Sigmund (D:4)
  15 yaks
  A basilisk (Lair:5)
  A naga (Lair:2)
  7 water moccasins
  Duvessa (D:6)
  4 porcupines
  3 sky beasts
  3 slaves (D:8)
  6 orc warriors
  A black bear (D:11)
  An ice beast (D:6)
  2 necrophages
  9 wolves
  4 ogres
  5 centaurs
  5 crocodiles
  7 big kobolds (D:10)
  12 bullfrogs
  A water moccasin zombie (D:8)
  The ghost of Ultraviolent4 the Chopper, a weakling DDWr (D:3)
  3 scorpions
  2 killer bees
  7 wights
  2 electric eels
  A howler monkey (D:4)
  4 crimson imps
  7 orc priests
  7 hounds
  Jessica (D:3)
  9 iguanas
  11 orc wizards
  5 worker ants
  Terence (D:3)
  9 adders
  2 gnolls (D:5)
  4 river rats
  A shadow imp (D:7)
  3 worms
  2 dart slugs (D:3)
  7 leopard geckos
  33 orcs
  3 giant cockroaches
  7 goblins
  4 hobgoblins
  10 jackals
  6 quokkas
  A ball python (D:1)
  7 bats
  4 frilled lizards
  9 kobolds
  3 quokka skeletons
  5 rats
295 creatures vanquished.

Vanquished Creatures (collateral kills)
  Erica (D:10)
  A hydra (Lair:4)
  An unseen horror (D:10)
  2 black mambas (Lair:1)
  3 spiny frogs
  A kobold demonologist (D:11)
  4 komodo dragons
  A hippogriff (Lair:1)
  7 yaks
  A wyvern (Lair:4)
  A hungry ghost (D:8)
  A naga (Lair:2)
  A porcupine (Lair:2)
  5 water moccasins
  An orc warrior (D:9)
  2 ice beasts (D:9)
  A phantom (D:10)
  2 ogres
  A necrophage (D:6)
  11 wolves
  3 crocodiles
  5 big kobolds (D:10)
  Dowan (D:6)
  5 bullfrogs
  5 killer bees (D:10)
  3 wights
  A crimson imp (D:9)
  A hound (D:10)
  A centaur zombie (D:10)
  A bullfrog zombie (D:8)
  An orc wizard (D:8)
  An iguana (Lair:1)
  A worker ant (D:10)
  A hound zombie (D:11)
  A gnoll (D:5)
  3 adders (Lair:2)
  8 river rats
  A white imp (Lair:5)
  11 orcs
  3 kobolds (D:10)
  A butterfly (Lair:4)
  19 fungi
  3 plants
128 creatures vanquished.

Vanquished Creatures (others)
  8 flying skulls
  A black mamba zombie (Lair:5)
  A hippogriff zombie (Lair:4)
  A wight (D:9)
  A crimson imp (D:11)
  A centaur zombie (D:9)
  A human skeleton (D:7)
  A killer bee zombie (D:10)
  2 human zombies (D:8)
  2 ogre zombies
  A hound zombie (D:9)
  2 necrophage skeletons
  A dwarf skeleton (D:7)
  A scorpion zombie (D:9)
  2 iguana zombies
  An adder zombie (D:6)
  A jackal zombie (D:8)
  6 orc zombies
  A fungus (Lair:1)
  2 plants
37 creatures vanquished.

Grand Total: 460 creatures vanquished

Notes
Turn   | Place    | Note
-------+----------+-------------------------------------------
     0 | D:1      | Amciq the Troll Monk began the quest for the Orb.
     0 | D:1      | Reached XP level 1. HP: 22/22 MP: 0/0
   294 | D:1      | Reached XP level 2. HP: 29/29 MP: 1/1
   662 | D:1      | Reached XP level 3. HP: 36/36 MP: 2/2
   750 | D:2      | Reached skill level 1 in Armour
  1104 | D:2      | Reached XP level 4. HP: 44/44 MP: 3/3
  1170 | D:3      | Noticed Terence
  1196 | D:3      | Killed Terence
  1282 | D:3      | Noticed Ultraviolent4's ghost (weakling DDWr)
  1296 | D:3      | Killed Ultraviolent4's ghost
  1296 | D:3      | Reached skill level 4 in Unarmed Combat
  1296 | D:3      | Reached XP level 5. HP: 51/53 MP: 4/4
  1385 | D:3      | Noticed Jessica
  1389 | D:3      | Killed Jessica
  1667 | D:4      | Reached XP level 6. HP: 43/61 MP: 5/5
  2022 | D:4      | Noticed Sigmund
  2049 | D:4      | Killed Sigmund
  2363 | D:4      | Reached XP level 7. HP: 66/68 MP: 6/6
  2470 | D:4      | Reached skill level 5 in Unarmed Combat
  2483 | D:4      | Found a staircase to the Ecumenical Temple.
  2492 | Temple   | Entered the Ecumenical Temple
  2616 | Temple   | Became a worshipper of Yredelemnul the Dark
  2616 | Temple   | Reached * piety under Yredelemnul
  2616 | Temple   | Reached ** piety under Yredelemnul
  3008 | D:5      | Entered Level 5 of the Dungeon
  3385 | D:5      | Reached XP level 8. HP: 64/79 MP: 7/7
  3611 | D:5      | Reached skill level 1 in Invocations
  3871 | D:6      | Noticed Grinder
  3895 | D:6      | Paralysed by Grinder for 6 turns
  3903 | D:6      | Killed Grinder
  3903 | D:6      | Reached skill level 6 in Unarmed Combat
  4019 | D:6      | Reached skill level 5 in Dodging
  4147 | D:6      | Reached skill level 5 in Fighting
  4482 | D:6      | Noticed Dowan
  4486 | D:6      | Noticed Duvessa
  4505 | D:6      | Killed Duvessa
  4505 | D:6      | Reached XP level 9. HP: 66/87 MP: 10/10
  4507 | D:6      | Killed Dowan
  5186 | D:7      | Reached *** piety under Yredelemnul
  5225 | D:7      | Reached skill level 7 in Unarmed Combat
  5599 | D:8      | Noticed Pikel
  5638 | D:8      | Reached skill level 5 in Armour
  6110 | D:8      | Killed Pikel
  6110 | D:8      | Reached XP level 10. HP: 71/96 MP: 12/12
  6333 | D:9      | Received a gift from Yredelemnul (a wight)
  6733 | D:9      | Noticed Reeven's ghost (novice FoAK)
  6746 | D:9      | Killed Reeven's ghost
  6746 | D:9      | Reached skill level 8 in Unarmed Combat
  6936 | D:9      | Reached skill level 5 in Invocations
  6937 | D:9      | Reached **** piety under Yredelemnul
  7248 | D:9      | Found Oraf's Antique Weapon Boutique.
  7449 | D:9      | Received a gift from Yredelemnul (5 flying skulls)
  7882 | D:10     | Entered Level 10 of the Dungeon
  7882 | D:10     | Noticed a gargoyle
  7888 | D:10     | Killed a gargoyle
  7916 | D:10     | Noticed Erica
  7926 | D:10     | Killed Erica
  7988 | D:10     | Received a gift from Yredelemnul (a wraith)
  8085 | D:10     | Noticed Maurice
  8093 | D:10     | Killed Maurice
  8093 | D:10     | Reached XP level 11. HP: 98/109 MP: 14/14
  8183 | D:10     | Received a gift from Yredelemnul (a mummy)
  8502 | D:10     | Reached skill level 9 in Unarmed Combat
  8633 | D:10     | Killed an unseen horror
  9091 | D:11     | Found a staircase to the Lair.
  9198 | D:11     | Found a radiant altar of Vehumet.
  9705 | Lair:1   | Entered Level 1 of the Lair of Beasts
  9877 | Lair:1   | Received a gift from Yredelemnul (a wight)
 10099 | Lair:1   | Gained mutation: You are resistant to electric shocks. (rElec) [potion of beneficial mutation]
 10690 | Lair:2   | Received a gift from Yredelemnul (4 flying skulls)
 10964 | Lair:2   | Reached ***** piety under Yredelemnul
 11087 | Lair:2   | Found a staircase to the Snake Pit.
 11259 | Lair:3   | Received a gift from Yredelemnul (a wight)
 11390 | Lair:3   | Found a staircase to the Shoals.
 11498 | Lair:3   | Received a gift from Yredelemnul (a phantasmal warrior)
 11611 | Lair:3   | Reached XP level 12. HP: 116/119 MP: 16/16
 12100 | Lair:4   | Got a slimy steel ring
 12153 | Lair:4   | Noticed a seven-headed hydra
 12167 | Lair:4   | Killed a nine-headed hydra
 12167 | Lair:4   | Reached skill level 10 in Unarmed Combat
 12335 | Lair:4   | Received a gift from Yredelemnul (a skeletal warrior)
 12649 | Lair:4   | Noticed a six-headed hydra
 12662 | Lair:4   | Killed an 11-headed hydra
 13243 | Lair:5   | Found a viscous altar of Jiyva.
 13243 | Lair:5   | Found a staircase to the Slime Pits.
 13590 | Lair:5   | Received a gift from Yredelemnul (a phantasmal warrior)
 14146 | Slime:1  | Entered Level 1 of the Pits of Slime
 14146 | Slime:1  | Noticed an acid blob
 14153 | Slime:1  | HP: 6/122 [very large slime creature (40)]
 14154 | Slime:1  | Noticed an acid blob
 14154 | Slime:1  | HP: 1/122 [acid (5)]
 14154 | Slime:1  | Slain by a slime creature

Vault maps used:
D:1:      scummos_arrival_hexagon
D:2:      first_bread
D:3:      uniq_jessica, uniq_terence
D:4:      minmay_lizard_king, uniq_sigmund
D:6:      kennysheep_path_1, uniq_duvessa, uniq_grinder
D:7:      roderic_lattice_a, grunt_ogre_cave
D:8:      uniq_pikel
D:9:      serial_shops, shop, nrook_uturn
D:10:     special_room, uniq_maurice, uniq_erica
D:11:     david_lair_shrubbed, basic_altar, serial_park_tiny_pond
Temple:   kilobyte_greek_temple
Lair:1:   grunt_megastairs_5
Lair:2:   gammafunk_lair_bear_cave, guppyfry_snake_entry_garden,
          cheibrodos_lair_reptile_den
Lair:3:   shoals_dummy_entry
Lair:4:   minivault_24, grunt_megastairs_4, serial_bayou_shore_b,
          lemuel_fruit_fields
Lair:5:   slime_altar_1, bobbens_ice_dragon_lair

Skill      XL: |  1  2  3  4  5  6  7  8  9 10 11 12 |
---------------+-------------------------------------+-----
Armour         | 1 2 3 4 5 6 7 8 |  8.3
Fighting       | 3 4 5 6 7 8 |  8.5
Dodging        | 3 4 5 6 7 8 |  8.7
Unarmed Combat | 4 5 6 7 8 9 10 | 10.5
Invocations    | 2 4 5 6 7 |  7.8
Stealth        | |  1.1

Action                   |  1- 3 |  4- 6 |  7- 9 | 10-12 || total
-------------------------+-------+-------+-------+-------++-------
Melee: Unarmed           |   117 |   111 |   321 |   559 ||  1108
       Punch             |       |     3 |    14 |    32 ||    49
Invok: Injury Mirror     |       |       |     2 |       ||     2
       Animate Remains   |       |       |    11 |       ||    11
       Animate Dead      |       |       |     6 |    42 ||    48
  Use: Potion            |       |     4 |     1 |     2 ||     7
       Scroll            |       |     7 |     9 |     7 ||    23
 Stab: Sleeping          |     1 |     1 |     2 |       ||     4
       Distracted        |       |       |       |     7 ||     7
  Eat: Chunk             |    15 |     9 |    33 |    73 ||   130
       Pizza             |       |       |     1 |     1 ||     2
       Royal jelly       |       |       |       |     1 ||     1
       Fruit             |       |       |       |     5 ||     5
       Meat ration       |       |       |       |     1 ||     1
Armor: Robe              |    58 |    22 |    94 |    32 ||   206
       Troll leather arm |       |       |       |    96 ||    96
Dodge: Dodged            |    83 |    45 |   209 |   384 ||   721
Block: Other             |       |       |       |    26 ||    26
       Reflection        |       |       |       |     1 ||     1
